 Dungeon Crawl Stone Soup version 0.17-a0-1920-gafa4d75 (webtiles) character file.

1269 4thArraOfDagon the Chopper (level 8, -2/66 HPs)
             Began as a Vine Stalker Berserker on Sept 27, 2015.
             Was a Believer of Trog.
             Slain by Erolcha
             ... wielding a +5 giant club
              (5 damage)
             ... on level 8 of the Dungeon.
             The game lasted 00:04:50 (952 turns).

4thArraOfDagon the Chopper (Vine Stalker Berserker)  Turns: 952, Time: 00:04:51

Health: -2/66      AC:  9    Str: 28    XL:     8   Next: 53%
Magic:  0/9        EV:  9    Int:  7    God:    Trog [**....]
Gold:   50         SH:  0    Dex: 13    Spells: 0 memorised, 7 levels left

rFire  . . .     SeeInvis .     a - +0 hand axe
rCold  . . .     Clarity  .     f - +0 chain mail
rNeg   . . .     SustAt   .     (no shield)
rPois  .         Gourm    .     (no helmet)
rElec  .         Spirit   +     (no cloak)
rCorr  .         Warding  .     (no gloves)
rMut   .         Stasis   .     (no boots)
MR     +++..                    (no amulet)
Stlth  ..........               (no ring)
                                (no ring)

@: berserking, regenerating, very quick, extremely resistant to hostile
enchantments, extremely unstealthy
A: fangs 3, regeneration 2, magic shield, antimagic bite, no device heal 3, rot
immunity
a: Burn Spellbooks, Berserk, Trog's Hand, Renounce Religion


You were on level 8 of the Dungeon.
You worshipped Trog.
Trog was pleased with you.
You were not hungry.

You visited 1 branch of the dungeon, and saw 8 of its levels.

You collected 50 gold pieces.

Inventory:

Hand weapons
 a - a +0 hand axe (weapon)
Armour
 f - a +0 chain mail (worn)
Scrolls
 b - a scroll of enchant weapon {unknown}
 h - 6 scrolls of identify {unknown}
 i - a scroll of remove curse {unknown}
 n - a scroll of teleportation {unknown}
Potions
 d - a potion of poison {unknown}
 e - a potion of curing {unknown}
 g - 2 potions of haste {unknown}
 l - 2 potions of flight {unknown}
 m - a potion of berserk rage {unknown}
Books
 k - a book of Minor Magic

   Spells                             Type                      Level
   a - Magic Dart                     Conjuration                  1
   b - Blink                          Translocation                2
   c - Call Imp                       Summoning                    2
   d - Repel Missiles                 Charms/Air                   2
   e - Slow                           Hexes                        2
   f - Conjure Flame                  Conjuration/Fire             3
   g - Mephitic Cloud                 Conjuration/Poison/Air       3
   Trog disapproves of the use of such an item.
Comestibles
 c - a bread ration
 j - 2 chunks of flesh


   Skills:
 + Level 5.4 Fighting
 * Level 7.0 Axes
 + Level 4.2 Armour
 - Level 1.5 Dodging


You had 7 spell levels left.
You didn't know any spells.

Dungeon Overview and Level Annotations

Branches:
Dungeon (8/15)
 Temple: D:4-7         Lair: D:8-11

Altars:
Dithmenos
Fedhas
Kikubaaqudgha

Shops:
D:2 *

Annotations:
D:5 Appriser's ghost, experienced DrTm
D:8 Erolcha; Maurice


Innate Abilities, Weirdness & Mutations

You have razor-sharp teeth.
You heal very quickly.
When hurt, damage is shared between your health and your magic reserves.
Your bite disrupts and absorbs the magic of your enemies.
Potions and wands cannot restore your health.
You are immune to rotting.


Message History

You slash the orc priest! Your bite misses the orc priest.
The orc priest is severely wounded.
You slash the orc!
You kill the orc!
Trog accepts your kill.
You barely miss Erolcha. You closely miss the orc warrior.
The orc warrior closely misses you.
Erolcha hits you with an enchanted giant club!!
* * * LOW HITPOINT WARNING * * *
The orc priest hits you but does no damage.
Unknown command.
You slice Erolcha!! You bite Erolcha!
Erolcha's magic leaks into the air.
You drain her magic.
You feel invigorated.
Erolcha is heavily wounded.
You barely miss the orc priest.
The orc priest is severely wounded.
You hit the orc warrior.
The orc warrior is lightly wounded.
Erolcha hits you with an enchanted giant club!
You die...

#....# ##........#
#....# #.....###.
##....# #####.....
#.....#####......###
#............######.
#.........#######...
##.......###
###..... #...O.####
#....... #..o@.#
#....... #...o)##
##...... ........#
###.... ....@....
###.. ......... ###
.......... #
..........
..........#


You could see Maurice, Erolcha, an orc warrior and an orc priest.

Vanquished Creatures
  Psyche (D:8)
  Menkaure (D:5)
  A wolf (D:8)
  A sky beast (D:8)
  2 phantoms
  2 scorpions (D:7)
  A jelly (D:7)
  A crimson imp (D:8)
  2 hounds (D:7)
  Ijyb (D:3)
  3 orc wizards (D:5)
  3 worker ants
  A hound zombie (D:8)
  A worker ant zombie (D:7)
  2 adders
  2 giant geckos
  3 orcs
  A giant cockroach (D:1)
  3 hobgoblins
  2 kobolds (D:3)
  A giant newt (D:5)
  A goblin (D:1)
36 creatures vanquished.

Notes
Turn   | Place    | Note
--------------------------------------------------------------
     0 | D:1      | 4thArraOfDagon the Vine Stalker Berserker began the quest for the Orb.
     0 | D:1      | Reached XP level 1. HP: 11/11 MP: 2/2
    53 | D:2      | Found Gozag's Platinum Reserve.
    60 | D:2      | Reached skill level 3 in Axes
    60 | D:2      | Reached XP level 2. HP: 16/16 MP: 3/3
   122 | D:3      | Noticed Ijyb
   154 | D:3      | Reached XP level 3. HP: 19/19 MP: 2/4
   157 | D:3      | Killed Ijyb
   210 | D:3      | Reached XP level 4. HP: 20/24 MP: 5/5
   261 | D:5      | Entered Level 5 of the Dungeon
   261 | D:5      | Noticed a phantom
   261 | D:5      | Noticed Appriser's ghost (experienced DrTm)
   268 | D:4      | Killed a phantom
   268 | D:4      | Reached skill level 4 in Axes
   268 | D:4      | Reached XP level 5. HP: 16/28 MP: 4/6
   356 | D:4      | Found a blossoming altar of Fedhas.
   413 | D:4      | You fall through a shaft!
   425 | D:5      | Acquired Trog's second power
   425 | D:5      | Gained mutation: You heal very quickly. [Vine Stalker growth]
   425 | D:5      | Reached XP level 6. HP: 23/33 MP: 7/7
   493 | D:5      | Noticed Menkaure
   499 | D:5      | Killed Menkaure
   499 | D:5      | Reached skill level 5 in Axes
   524 | D:5      | You fall through a shaft for 2 floors!
   548 | D:7      | Reached XP level 7. HP: 32/37 MP: 8/8
   605 | D:8      | Noticed a polar bear
   619 | D:7      | Reached skill level 6 in Axes
   645 | D:7      | Found an ancient bone altar of Kikubaaqudgha.
   647 | D:7      | Found a blossoming altar of Fedhas.
   664 | D:7      | Found a shadowy altar of Dithmenos.
   717 | D:7      | Gained mutation: You have razor-sharp teeth. [Vine Stalker growth]
   717 | D:7      | Reached XP level 8. HP: 42/42 MP: 9/9
   771 | D:7      | Reached skill level 5 in Fighting
   860 | D:8      | Noticed Psyche
   874 | D:8      | Killed Psyche
   874 | D:8      | Reached skill level 7 in Axes
   942 | D:8      | Noticed Erolcha
   949 | D:8      | Noticed Maurice
   951 | D:8      | HP: 2/66 [Erolcha/enchanted giant club (25)]
   952 | D:8      | Slain by Erolcha

Vault maps used:
D:1:      dpeg_arrival_more_subterranean_lakeside_camping
D:2:      lemuel_upstairs_altar, lemuel_doored_altar, first_bread,
          nicolae_gozag_zags_fifth_avenue, uniq_terence, uniq_sigmund
D:3:      nicolae_ru_awakened_eye, serial_curves, eino_curves_04,
          eino_curves_03, uniq_iyjb
D:4:      minmay_door_path, fedhas_bush_and_centaur_altar
D:5:      led_sif_book, nicolae_overflow_hidden_temple, serial_shops, shop,
          kennysheep_another_room, grunt_ministairs_9, lexackson_kobold_supper,
          uniq_menkaure
D:6:      minmay_temple_entry_statues_pillars
D:7:      grunt_temple_overflow_growth_and_decay, nicolae_overflow_crystal_walls
D:8:      serial_ice, serial_ice_a, serial_ice_g, serial_ice_b, serial_ice_n,
          uniq_maurice, uniq_psyche, uniq_erolcha

Action                   |  1- 3 |  4- 6 |  7- 9 || total
-------------------------+-------+-------+-------++-------
Melee: Hand axe          |    20 |    37 |    56 ||   113
Invok: Berserk           |     3 |     4 |     6 ||    13
       Trog's Hand       |       |     1 |     2 ||     3
  Eat: Chunk             |     1 |     1 |     4 ||     6
       Bread ration      |       |     1 |     1 ||     2
